 Dungeon Crawl Stone Soup version 0.19-a0-1553-g64c24c3 (webtiles) character file.

1751 epen the Martial Artist (level 9, -2/72 HPs)
             Began as a Merfolk Monk on Sept 14, 2016.
             Was a Priest of Cheibriados.
             Slain by a gnoll (7 damage)
             ... on level 7 of the Dungeon.
             The game lasted 00:07:51 (6221 turns).

epen the Martial Artist (Merfolk Monk)              Turns: 6221, Time: 00:07:52

Health: -2/72      AC:  7    Str: 18    XL:     9   Next: 6%
Magic:  9/10       EV: 24    Int: 17    God:    Cheibriados [***...]
Gold:   369        SH:  0    Dex: 28    Spells: 0 memorised, 8 levels left

rFire  . . .     SeeInvis +     u - +4 scythe (flame)
rCold  . . .     Gourm    .     f - +0 ring mail
rNeg   . . .     Faith    .     (shield currently unavailable)
rPois  .         Spirit   .     e - +0 helmet
rElec  .         Dismiss  .     (no cloak)
rCorr  .         Reflect  .     (no gloves)
MR     .....     Harm     .     w - +0 pair of boots
Stlth  +++.......               (no amulet)
                                (no ring)
                                m - ring of see invisible

@: agile, very slow
A: change form in water, swift swim, stealthy swim
a: Bend Time, Temporal Distortion, Renounce Religion


You were on level 7 of the Dungeon.
You worshipped Cheibriados.
Cheibriados was most pleased with you.
You were not hungry.

You visited 2 branches of the dungeon, and saw 8 of its levels.

You collected 369 gold pieces.

Inventory:

Hand Weapons
 u - a +4 scythe of flaming (weapon)
Armour
 a - a +0 robe
 d - a +0 robe of magic resistance
 e - a +0 helmet (worn)
 f - a +0 ring mail (worn)
 w - a +0 pair of boots (worn)
Jewellery
 m - a ring of see invisible (left hand)
Wands
 v - a wand of confusion (27/48)
 y - a wand of iceblast (10/15)
Scrolls
 h - a scroll of identify
 i - a scroll of teleportation
 k - a scroll of magic mapping
 l - 4 scrolls of remove curse
Potions
 n - 3 potions of flight
 o - a potion of magic
 r - 3 potions of haste
 s - a potion of brilliance
 z - a potion of resistance
Books
 c - a book of Death

   Spells                             Type                      Level
   a - Corpse Rot                     Necromancy                   2
   b - Sublimation of Blood           Necromancy                   2
   c - Agony                          Necromancy                   5
   d - Dispel Undead                  Necromancy                   5
   e - Excruciating Wounds            Charms/Necromancy            5
   f - Bolt of Draining               Conjuration/Necromancy       5
Comestibles
 b - 3 bread rations
 g - 3 fruits
 t - 2 meat rations


   Skills:
 + Level 7.0 Fighting
 + Level 8.1 Dodging
 - Level 2.1 Stealth
 * Level 9.3 Unarmed Combat
 * Level 1.9 Invocations


You had 8 spell levels left.
You didn't know any spells.

Dungeon Overview and Level Annotations

Branches:
Dungeon (7/15)             Temple (1/1) D:5

Altars:
Ashenzari
Cheibriados
Dithmenos
Elyvilon
Fedhas
Gozag
Hepliaklqana
Kikubaaqudgha
Makhleb
Nemelex Xobeh
Okawaru
Qazlal
Ru
Sif Muna
Trog
Uskayaw
Vehumet
Xom
Yredelemnul
Zin
The Shining One


Message History

The gnoll barely misses you. The gnoll closely misses you. x2
The gnoll completely misses you. The gnoll hits you but does no damage.
The gnoll barely misses you.
You slash the gnoll! You burn the gnoll.
The gnoll is almost dead.
The gnoll hits you.
* * * LOW HITPOINT WARNING * * *
The gnoll barely misses you. The gnoll closely misses you. The gnoll hits you.
* * * LOW HITPOINT WARNING * * *
The gnoll misses you.
You closely miss the gnoll.
The gnoll is almost dead.
The gnoll misses you. The gnoll barely misses you. x2
The gnoll completely misses you. The gnoll hits you.
* * * LOW HITPOINT WARNING * * *
The gnoll barely misses you.
Unknown command.
You feel agile all of a sudden. The gnoll hits you!
You die...

..............
.............
........... .
.........#
..###.......#
..........g.#
........gg..#
........@...#
........#####
..
..####.(....#
...
#......###...
#..........#.
+............
.
#............
..
#......).....
...
#............


You could see 3 gnolls.

Vanquished Creatures
  Sigmund (D:4)
  2 ice beasts
  A sky beast (D:6)
  An ogre (D:4)
  A phantom (D:5)
  A centaur (D:5)
  2 giant frogs (D:6)
  Blork the orc (D:6)
  A scorpion (D:4)
  3 wights (D:6)
  A quasit (D:6)
  A centaur skeleton (D:4)
  A jelly (D:6)
  2 orc priests
  A giant frog skeleton (D:3)
  3 hounds (D:5)
  3 orc wizards
  2 iguanas (D:6)
  4 worker ants
  8 adders
  A shadow imp (D:5)
  An adder zombie (D:5)
  5 worms
  3 giant geckos
  14 orcs
  8 giant cockroaches
  7 goblins
  9 hobgoblins
  20 jackals
  4 quokkas
  5 ball pythons
  9 bats
  2 frilled lizards
  5 kobolds
  A quokka skeleton (D:5)
  5 rats
139 creatures vanquished.

Notes
Turn   | Place    | Note
-------+----------+-------------------------------------------
     0 | D:1      | epen the Merfolk Monk began the quest for the Orb.
     0 | D:1      | Reached XP level 1. HP: 18/18 MP: 1/1
   236 | D:1      | Reached XP level 2. HP: 18/24 MP: 2/2
  1241 | D:1      | Reached skill level 4 in Unarmed Combat
  1473 | D:2      | Reached XP level 3. HP: 28/29 MP: 3/3
  1810 | D:2      | Reached XP level 4. HP: 36/37 MP: 4/4
  2306 | D:3      | Reached skill level 5 in Unarmed Combat
  2308 | D:3      | Reached XP level 5. HP: 28/42 MP: 5/5
  2911 | D:3      | Reached skill level 5 in Dodging
  3497 | D:4      | Noticed Sigmund
  3521 | D:4      | Killed Sigmund
  3521 | D:4      | Reached skill level 6 in Unarmed Combat
  3521 | D:4      | Reached XP level 6. HP: 12/49 MP: 6/6
  3816 | D:4      | Reached skill level 5 in Fighting
  3816 | D:4      | Reached XP level 7. HP: 37/56 MP: 7/7
  3980 | D:4      | Found a shattered altar of Ashenzari.
  4473 | D:5      | Entered Level 5 of the Dungeon
  4572 | D:5      | Reached skill level 7 in Unarmed Combat
  4578 | D:5      | Found a staircase to the Ecumenical Temple.
  4599 | Temple   | Entered the Ecumenical Temple
  4699 | Temple   | Became a worshipper of Cheibriados the Contemplative
  4699 | Temple   | Reached * piety under Cheibriados
  4699 | Temple   | Reached ** piety under Cheibriados
  4910 | D:5      | Reached XP level 8. HP: 35/64 MP: 8/8
  5454 | D:6      | Reached skill level 8 in Unarmed Combat
  5739 | D:6      | Noticed Blork the orc
  5746 | D:6      | Killed Blork the orc
  5875 | D:6      | Reached skill level 9 in Unarmed Combat
  6105 | D:6      | Reached skill level 1 in Invocations
  6105 | D:6      | Reached XP level 9. HP: 71/71 MP: 9/9
  6211 | D:7      | Reached *** piety under Cheibriados
  6221 | D:7      | Slain by a gnoll

Vault maps used:
D:1:      minmay_arrival_three_doors, hangedman_decor_push
D:4:      first_bread, hex_medium, evilmike_ruin_ashenzari, uniq_sigmund
D:5:      dk_noncrumbling_3
D:6:      uniq_blork_the_orc
Temple:   kilobyte_greek_temple

Skill      XL: |  1  2  3  4  5  6  7  8  9 |
---------------+----------------------------+-----
Unarmed Combat | 4 5 6 7 9 |  9.3
Fighting       | 4 5 6 7 |  7.0
Dodging        | 5 6 8 |  8.1
Invocations    | 1 |  1.9
Stealth        | |  2.1

Action                   |  1- 3 |  4- 6 |  7- 9 || total
-------------------------+-------+-------+-------++-------
Melee: Unarmed           |   119 |   184 |       ||   303
       Punch             |     2 |     6 |       ||     8
       Scythe            |       |     6 |   154 ||   160
  Use: Potion            |       |     1 |     1 ||     2
       Scroll            |       |       |    14 ||    14
 Stab: Sleeping          |     1 |     3 |     8 ||    12
       Distracted        |       |       |     1 ||     1
  Eat: Chunk             |     3 |     6 |     6 ||    15
Armor: Robe              |    10 |       |       ||    10
       Ring mail         |    28 |    66 |    69 ||   163
Dodge: Dodged            |    94 |   172 |   267 ||   533
